Map: Mech Depot LE

Players

Ziggy

  • Race: Terran Terran
  • Spawn Location: 7:00

ZhuGeLiang - Winner!

  • Race: Zerg Zerg
  • Spawn Location: 1:00

Event: WCS Montreal 2017

VOD

Have the link to the VOD?

Description

Time

  • Played on: Sept. 8, 2017, 3:45 p.m.
  • Length: 5:35

All games in this series

Show
View Real Time Build Order
Export as new Build Order

Ziggy Terran 

Build Orders: Gas First Reaper Expand, Reaper Expand 

Get SALT Encoding   

  12  0:00  SCV  
  13  0:12  SCV  
  14  0:17  Supply Depot  
  14  0:24  SCV  
  15  0:28  Refinery  
  15  0:39  SCV  
  16  0:45  Barracks  
  16  0:51  SCV  
  17  1:03  SCV  
  18  1:15  SCV  
  19  1:31  Reaper  
  19  1:32  Orbital Command  
  20  1:43  Command Center  
  20  1:57  SCV  
  20  1:58  Factory  
  21  2:03  Marine  
  22  2:09  Supply Depot  
  22  2:10  SCV  
  23  2:21  Barracks Reactor  
  23  2:31  SCV  
  24  2:43  Starport, SCV  
  27  2:44  Hellion  
  27  2:55  SCV  
  27  2:56  Orbital Command  
  28  3:07  SCV  
  28  3:12  Hellion x2  
  33  3:19  SCV  
  34  3:21  Viking  
  34  3:23  SCV  
  37  3:31  SCV  
  38  3:36  Command Center  
  38  3:38  Hellion  
  38  3:39  SCV  
  41  3:43  Hellion  
  41  3:44  SCV  
  44  3:51  SCV  
  44  3:53  Supply Depot  
  45  3:56  SCV  
  46  4:13  Supply Depot  
  46  4:14  SCV x2  
  46  4:15  Engineering Bay, Hellion x2  
  52  4:18  Engineering Bay, Barracks Tech Lab  
  52  4:26  SCV x2  
  52  4:27  Refinery  
  51  4:38  SCV x2  
  50  4:51  SCV x2  
  50  4:52  Orbital Command  
  52  4:58  Marine  
  53  5:03  SCV x2  
  55  5:15  SCV x2  
  55  5:17  SCV  
  55  5:21  Bunker  
  59  5:22  Factory Tech Lab, Supply Depot  
  59  5:28  Barracks  
  59  5:29  Barracks  
Show
View Real Time Build Order
Export as new Build Order

ZhuGeLiang Zerg - Winner!

Build Orders: Pool First 

Get SALT Encoding   

  12  0:00  Drone  
  13  0:12  Overlord  
  13  0:16  Drone  
  14  0:30  Drone x2  
  14  0:34  Drone  
  17  0:44  Spawning Pool  
  17  0:48  Drone  
  17  0:54  Extractor  
  17  0:56  Drone  
  17  1:14  Hatchery  
  17  1:17  Drone  
  17  1:20  Drone  
  18  1:31  Queen  
  20  1:36  Drone  
  21  1:42  Overlord  
  21  1:53  Drone  
  22  1:54  Metabolic Boost  
  22  2:03  Drone  
  22  2:07  Queen  
  25  2:11  Zergling x2  
  26  2:22  Zergling x2  
  27  2:25  Queen  
  27  2:26  Drone  
  30  2:35  Evolution Chamber  
  30  2:38  Drone  
  30  2:39  Drone  
  32  2:45  Overlord  
  32  2:47  Drone  
  32  2:48  Drone x2  
  35  2:54  Drone  
  36  3:05  Zergling x4  
  38  3:12  Drone x2  
  40  3:17  Hatchery  
  39  3:22  Drone  
  39  3:23  Drone x3  
  43  3:30  Roach Warren  
  43  3:33  Overlord  
  42  3:37  Drone  
  42  3:38  Drone  
  44  3:42  Overlord  
  44  3:54  Overlord  
  44  3:55  Overlord  
  44  4:09  Overlord  
  44  4:10  Roach x4  
  44  4:16  Roach  
  60  4:17  Roach x3  
  60  4:21  Roach  
  62  4:29  Zergling x8  
  66  4:32  Zergling x2  
  67  4:39  Zergling x8  
  71  4:45  Roach  
  71  4:46  Roach  
  71  4:50  Zergling x2  
  71  4:52  Evolution Chamber  
  71  4:56  Zergling x10  
  76  5:02  Overlord x2  
  76  5:15  Overlord  
  76  5:22  Ravager  
  76  5:23  Drone  
Tags
 
Add a new tag
Caveats
  • Supply blocks, unpowered buildings, or Contaminate may cause inaccurate times.
  • Supply counts are checked every 10 seconds.